 Dungeon Sprint DCSS version 0.30-a0-824-g6c64550be9 (webtiles) character file.

Game seed: 7155248113295719076

5900000 BigDaddyOpFi the Intangible (level 26, -2/221 HPs)
             Began as a Djinni Transmuter on Feb 27, 2023.
             Was the Champion of Makhleb.
             Slain by a bag of meat
             ... wielding a +9 war axe
              (19 damage)
             ... in the Dungeon (Sprint VIII: "Arena of Blood").
             The game lasted 00:01:18 (59 turns).

BigDaddyOpFi the Intangible (Djinni Transmuter)       Turns: 59, Time: 00:01:18

Health: -2/221     AC:  4    Str:  9    XL:     26   Next: 17%
Gold:   0          EV: 38    Int: 16    God:    Makhleb [******] SH:  0 Dex: 25

rFire   + + .      SeeInvis .    h - +∞ Axe of Woe
rCold   x . .      Faith    .    (shield currently unavailable)
rNeg    . . .      Spirit   .    a - +0 robe
rPois   ∞          Reflect  .    (no helmet)
rElec   .          Harm     .    (no cloak)
rCorr   .          Rampage  .    (no gloves)
Will    ++...      NoTele   +    (boots unavailable)
Stlth   ++++++++++               (no amulet)
HPRegen 0.56/turn                (no ring)
MPRegen 0.00/turn                (no ring)

@: flying
A: sickness immunity, fire resistance 2, cold vulnerability 1, float, innate
caster, HP casting, extra vitality 1
a: Renounce Religion, Minor Destruction, Lesser Servant of Makhleb, Major
Destruction, Greater Servant of Makhleb


You were in the Dungeon.
You worshipped Makhleb.
Makhleb was exalted by your worship.
You visited 1 branch

Inventory:

Hand Weapons
 h - the +∞ Axe of Woe (weapon)
   (You found it in the Dungeon)
Armour
 a - a +0 robe (worn)
Scrolls
 g - a scroll of blinking
Potions
 b - a potion of lignification
 c - a potion of curing
 d - a potion of heal wounds
 e - a potion of haste
 f - a potion of berserk rage


   Skills:
 O Level 27 Fighting
 + Level 12.2(14.3) Short Blades
 + Level 12.3(14.3) Long Blades
 O Level 27 Axes
 O Level 27 Maces & Flails
 O Level 27 Polearms
 O Level 27 Staves
 + Level 11.2 Ranged Weapons
 + Level 11.2 Throwing
 O Level 27 Armour
 O Level 27 Dodging
 O Level 27 Stealth
 + Level 13.3 Shields
 O Level 27 Unarmed Combat
 O Level 27 Spellcasting
 O Level 27 Invocations
 + Level 13.3 Evocations


You knew the following spells:

 Your Spells              Type           Power      Damage    Failure   Level
a - Beastly Appendage     Tmut           100%       N/A       0%          1
b - Wereblood             Tmut           82%        N/A       0%          2
c - Spider Form           Tmut/Pois      82%        N/A       0%          3
d - Ice Form              Ice/Tmut       82%        N/A       0%          4
e - Apportation           Tloc           100%       N/A       0%          1
f - Ensorcelled Hibernat  Hex/Ice        100%       N/A       0%          2
g - Summon Guardian Gole  Hex/Summ       82%        N/A       0%          3
h - Ozocubu's Armour      Ice            82%        N/A       0%          3
i - Fulminant Prism       Conj/Hex       41%        3d19      0%          4
j - Irradiate             Conj/Tmut      41%        3d25      0%          5
k - Death Channel         Necr           41%        N/A       0%          6
l - Statue Form           Tmut/Erth      54%        N/A       0%          6
m - Simulacrum            Ice/Necr       41%        N/A       0%          6
n - Lehudib's Crystal Sp  Conj/Erth      41%        10d10     1%          8
o - Enfeeble              Hex            41%        N/A       1%          7
p - Disjunction           Tloc           41%        N/A       1%          8
Your spell library was empty.

Dungeon Overview and Level Annotations

Branches:
Dungeon (1/1)

Altars:
Makhleb


Innate Abilities, Weirdness & Mutations

You are immune to sickness and miasma.
You are immune to poison.
Your flesh is very heat resistant. (rF++)
You are vulnerable to cold. (rC-)
You float through the air rather than walking.
You learn spells naturally, not from books.
Your magical power is your life essence.
You have superior vitality. (+4 MHP)


Message History

You destroy the sculptor of flesh!
Makhleb accepts your kill.
You feel better.
You slash the large bag of meat!
Flame seeps out of the large bag of meat.
You butcher the large bag of meat messily.
Makhleb accepts your kill.
The large bag of meat explodes!
The fiery explosion engulfs the bag of meat!!
The fiery explosion engulfs you! You resist.
* * * LOW HITPOINT WARNING * * *
You are engulfed in blazing flames.
You resist.
* * * LOW HITPOINT WARNING * * *
You hear a shout! x2
A meat berserker comes into view. It is wielding a +9 battleaxe.
You hear a shout!
The tyrant gestures wildly while chanting.
An accursed comes into view.
Your base Short Blades skill increases to level 12!
Your base Long Blades skill increases to level 12!
Your Ranged Weapons skill increases to level 11!
Your Throwing skill increases to level 11!
Your Shields skill increases to level 13!
Your Evocations skill increases to level 13!
Unknown command.
The meat berserker attacks as you move away!
The meat berserker barely misses you.
A destroyer comes into view. It is wielding a +9 heavy great sword.
You are engulfed in blazing flames.
You resist.
* * * LOW HITPOINT WARNING * * *
The destroyer shouts!
You hear a shout! x2
The large abomination disappears in a puff of smoke!
You hear a shout! x3
The tyrant waves its bony arms in wide circles.
The air twists around and strikes you!!
* * * LOW HITPOINT WARNING * * *
The meat berserker is engulfed in blazing flames.
You hear a shout!
The bag of meat is engulfed in blazing flames.
The bag of meat hits you with a +9 war axe!!
You die...

.. ....§ #..
.o.# #.. .O.# .
.###.. .°.###..
......###O.....
......_.....
#.§§§)# #_o°°_#
#.○@°O#
......○○°oXX...
......###D§X.M.
.###.. .Lz###..
#.. ..o# O #.
.X.# .. .....
.. ..


You could see an accursed, a tentacled monstrosity (summoned), a tyrant (fast),
an eight-headed meat hydra, a sculptor of flesh, a large bag of meat (inner
flame), 2 large abominations, 2 meat berserkers and 4 bags of meat.

Vanquished Creatures
  A royal mummy (D)
  5 vampire knights (D)
  24 ogres (D)
  10 two-headed ogres (D)
  4 liches (D)
  38 orcs (D)
  3 skeletal warriors (D)
85 creatures vanquished.

Vanquished Creatures (others)
  An orc (D)
1 creature vanquished.

Grand Total: 86 creatures vanquished

Notes
Turn   | Place    | Note
-------+----------+-------------------------------------------
     0 | D        | Found the +∞ Axe of Woe
     0 | D        | BigDaddyOpFi the Djinni Transmuter began the quest for the
                  | Orb.
     0 | D        | BigDaddyOpFi set off with the following spells memorised:
                  | Beastly Appendage, Wereblood, Spider Form, Ice Form.
     0 | D        | Reached XP level 1. HP: 17/17 MP: 0/0
     1 | D        | Noticed a meat berserker
     2 | D        | Noticed a bag of meat
     3 | D        | Killed a meat berserker
     3 | D        | Noticed a bag of meat
     3 | D        | Noticed a bag of meat
     3 | D        | Noticed a bag of meat
     3 | D        | Noticed a bag of meat
     3 | D        | Noticed a bag of meat
     4 | D        | Reached skill level 15 in Fighting
     4 | D        | Reached skill level 15 in Unarmed Combat
     4 | D        | Reached XP level 2. HP: 43/43 MP: 0/0
     4 | D        | Reached XP level 3. HP: 49/49 MP: 0/0
     4 | D        | Learned a level 1 spell: Apportation
     4 | D        | Reached XP level 4. HP: 55/55 MP: 0/0
     4 | D        | Reached XP level 5. HP: 60/60 MP: 0/0
     4 | D        | Learned a level 2 spell: Ensorcelled Hibernation
     4 | D        | Reached XP level 6. HP: 67/67 MP: 0/0
     4 | D        | Reached XP level 7. HP: 72/72 MP: 0/0
     4 | D        | Learned a level 3 spell: Summon Guardian Golem
     4 | D        | Reached XP level 8. HP: 78/78 MP: 0/0
     4 | D        | Reached XP level 9. HP: 84/84 MP: 0/0
     4 | D        | Learned a level 3 spell: Ozocubu's Armour
     4 | D        | Reached XP level 10. HP: 90/90 MP: 0/0
     4 | D        | Reached XP level 11. HP: 95/95 MP: 0/0
     4 | D        | Learned a level 4 spell: Fulminant Prism
     4 | D        | Reached XP level 12. HP: 103/103 MP: 0/0
     6 | D        | Became a worshipper of Makhleb the Destroyer
     6 | D        | Noticed a bag of meat
     8 | D        | Killed a bag of meat
     8 | D        | Killed a bag of meat
     8 | D        | Reached * piety under Makhleb
     8 | D        | Noticed a bag of meat
     9 | D        | Reached skill level 5 in Axes
     9 | D        | Reached XP level 13. HP: 111/111 MP: 0/0
     9 | D        | Learned a level 5 spell: Irradiate
     9 | D        | Killed a bag of meat
     9 | D        | Killed a bag of meat
     9 | D        | Killed a bag of meat
     9 | D        | Reached ** piety under Makhleb
     9 | D        | Noticed a meat berserker
     9 | D        | Noticed a bag of meat
     9 | D        | Noticed a meat berserker
    10 | D        | Reached skill level 10 in Invocations
    10 | D        | Reached XP level 14. HP: 121/121 MP: 0/0
    10 | D        | Killed a meat berserker
    11 | D        | Reached skill level 10 in Axes
    11 | D        | Reached XP level 15. HP: 128/128 MP: 0/0
    11 | D        | Learned a level 6 spell: Death Channel
    12 | D        | Reached skill level 15 in Spellcasting
    14 | D        | Killed a meat berserker
    14 | D        | Reached *** piety under Makhleb
    14 | D        | Noticed a large bag of meat
    15 | D        | Reached XP level 16. HP: 117/137 MP: 0/0
    15 | D        | Noticed a large bag of meat
    17 | D        | Noticed a meat berserker
    19 | D        | Reached **** piety under Makhleb
    19 | D        | Noticed a meat berserker
    20 | D        | Reached skill level 15 in Invocations
    20 | D        | Noticed a meat berserker
    20 | D        | Noticed a large bag of meat
    21 | D        | Noticed a large bag of meat
    22 | D        | Noticed a meat berserker
    22 | D        | Killed a meat berserker
    22 | D        | Killed a large bag of meat
    22 | D        | Noticed a large bag of meat
    23 | D        | Reached skill level 15 in Stealth
    23 | D        | Reached XP level 17. HP: 59/148 MP: 0/0
    23 | D        | Learned a level 6 spell: Statue Form
    23 | D        | Killed a large bag of meat
    23 | D        | Reached ***** piety under Makhleb
    23 | D        | Noticed a large bag of meat
    24 | D        | Reached skill level 15 in Axes
    24 | D        | Killed a meat berserker
    25 | D        | Reached XP level 18. HP: 71/157 MP: 0/0
    26 | D        | Killed a meat berserker
    26 | D        | Noticed a meat berserker
    27 | D        | Noticed a meat berserker
    27 | D        | Killed a large bag of meat
    27 | D        | Killed a meat berserker
    27 | D        | Noticed a meat berserker
    28 | D        | Reached XP level 19. HP: 90/168 MP: 0/0
    28 | D        | Learned a level 6 spell: Simulacrum
    28 | D        | Noticed a meat berserker
    29 | D        | Reached skill level 27 in Dodging
    29 | D        | Noticed a sculptor of flesh
    29 | D        | Noticed a large bag of meat
    29 | D        | Noticed a meat berserker
    29 | D        | Noticed a large bag of meat
    30 | D        | Killed a large bag of meat
    30 | D        | Reached ****** piety under Makhleb
    30 | D        | Killed a meat berserker
    31 | D        | Noticed a meat berserker
    31 | D        | Killed a large bag of meat
    31 | D        | Noticed a meat berserker
    32 | D        | Reached skill level 27 in Fighting
    32 | D        | Reached skill level 27 in Unarmed Combat
    32 | D        | Reached XP level 20. HP: 118/181 MP: 0/0
    32 | D        | Killed a meat berserker
    33 | D        | Noticed a meat berserker
    34 | D        | Killed a meat berserker
    34 | D        | Noticed an eight-headed meat hydra
    35 | D        | Killed a meat berserker
    36 | D        | Reached XP level 21. HP: 183/187 MP: 0/0
    36 | D        | Learned a level 8 spell: Lehudib's Crystal Spear
    36 | D        | Killed a meat berserker
    36 | D        | Noticed a meat berserker
    37 | D        | Reached skill level 27 in Invocations
    37 | D        | Killed a large bag of meat
    38 | D        | Reached skill level 27 in Stealth
    38 | D        | Killed a large bag of meat
    38 | D        | Killed a meat berserker
    39 | D        | Reached skill level 27 in Axes
    39 | D        | Reached skill level 27 in Spellcasting
    39 | D        | Reached XP level 22. HP: 178/194 MP: 0/0
    39 | D        | Killed a large bag of meat
    40 | D        | Noticed a destroyer
    40 | D        | Noticed a meat berserker
    40 | D        | Noticed a tyrant
    40 | D        | Noticed a destroyer
    41 | D        | Killed a meat berserker
    41 | D        | Killed a meat berserker
    41 | D        | Noticed a tyrant
    41 | D        | Noticed a large bag of meat
    42 | D        | Killed a tyrant
    43 | D        | Noticed a meat berserker
    43 | D        | Noticed a meat berserker
    43 | D        | Noticed a meat berserker
    45 | D        | Reached skill level 15 in Maces & Flails
    45 | D        | Reached skill level 15 in Polearms
    45 | D        | Reached XP level 23. HP: 176/201 MP: 0/0
    45 | D        | Learned a level 7 spell: Enfeeble
    46 | D        | Killed a large bag of meat
    46 | D        | Killed a tyrant
    46 | D        | Noticed a tyrant
    46 | D        | Noticed a destroyer
    46 | D        | Noticed a destroyer
    47 | D        | Killed a tyrant
    47 | D        | Noticed a large bag of meat
    47 | D        | Noticed a tyrant
    47 | D        | Noticed an accursed
    48 | D        | Killed a destroyer
    48 | D        | Killed a destroyer
    49 | D        | Reached skill level 27 in Armour
    49 | D        | Reached XP level 24. HP: 202/208 MP: 0/0
    49 | D        | Killed a destroyer
    51 | D        | Reached skill level 27 in Maces & Flails
    51 | D        | Reached skill level 27 in Polearms
    51 | D        | Killed a tyrant
    52 | D        | Reached XP level 25. HP: 91/214 MP: 0/0
    52 | D        | Learned a level 8 spell: Disjunction
    52 | D        | Noticed a large bag of meat
    52 | D        | Noticed a tyrant
    54 | D        | Noticed a destroyer
    54 | D        | Killed a destroyer
    56 | D        | Killed a destroyer
    57 | D        | Reached skill level 27 in Staves
    57 | D        | Reached skill level 5 in Ranged Weapons
    57 | D        | Reached skill level 5 in Throwing
    57 | D        | Killed an accursed
    58 | D        | Reached skill level 10 in Ranged Weapons
    58 | D        | Reached skill level 10 in Throwing
    58 | D        | Reached XP level 26. HP: 55/221 MP: 0/0
    58 | D        | Killed a large bag of meat
    58 | D        | Noticed an accursed
    59 | D        | Noticed a destroyer
    59 | D        | Slain by a bag of meat

Illustrated notes

Levels and vault maps discovered:
D:        meatsprint

Skill      XL: |  1  2  3  4  5  6  7  8  9 10 11 12 13 14 15 16 17 18 19 20 21 22 23 24 25 26 |
---------------+-------------------------------------------------------------------------------+-----
Fighting       | 15 16 18 20 22 23 25 27 | 27.0
Dodging        | 16 18 19 20 21 24 25 26 27 | 27.0
Unarmed Combat | 15 16 18 19 20 22 23 25 27 | 27.0
Spellcasting   | 12 13 14 15 17 18 19 21 23 27 | 27.0
Axes           | 5 8 10 11 14 15 17 20 23 27 | 27.0
Stealth        | 6 9 11 12 15 17 19 21 25 27 | 27.0
Invocations    | 7 10 12 13 17 18 20 23 26 27 | 27.0
Maces & Flails | 6 15 24 27 | 27.0
Polearms       | 6 15 24 27 | 27.0
Armour         | 8 18 27 | 27.0
Staves         | 18 27 | 27.0
Short Blades   | 11 12 | 12.2
Long Blades    | 11 12 | 12.3
Ranged Weapons | 10 11 | 11.2
Throwing       | 10 11 | 11.2
Shields        | 12 13 | 13.3
Evocations     | 12 13 | 13.3

Action                     |  1- 3 |  4- 6 |  7- 9 | 10-12 | 13-15 | 16-18 | 19-21 | 22-24 | 25-27 || total
---------------------------+-------+-------+-------+-------+-------+-------+-------+-------+-------++-------
  Melee: Executioner's axe |     1 |       |       |     1 |     4 |     9 |     9 |    12 |     7 ||    43
   Cast: Death Channel     |       |       |       |       |     1 |       |       |       |       ||     1
  Dodge: Dodged            |       |       |       |       |       |     2 |       |     2 |     1 ||     5

Table legend: (Time is in decaauts)
 A = Elapsed time spent in this place.
 B = Non-inter-level travel time spent in this place.
 C = Inter-level travel time spent in this place.
 D = Time resting spent in this place.
 E = Time spent auto-exploring this place.
 F = Levels seen in this place.
 G = Mean time per level.
                   A        B        C        D        E       F      G
               +--------+--------+--------+--------+--------+-----+--------+
         Total |     56 |     56 |      0 |      0 |      0 |   1 |   56.0 |
       Dungeon |     56 |     56 |      0 |      0 |      0 |   1 |   56.0 |
               +--------+--------+--------+--------+--------+-----+--------+

Top non-repeatable levels by time:
       D: 56 daAuts
